 Dungeon Crawl Stone Soup version 0.29-a0-371-g91724d5b39 (webtiles) character file.

Game seed: 13709361328903265496

689 psuckher the Ruffian (level 7, -3/63 HPs)
             Began as a Troll Transmuter on Apr 14, 2022.
             Was a Believer of Elyvilon.
             Slain by an iguana (7 damage)
             ... on level 5 of the Dungeon on May 2, 2022.
             The game lasted 00:18:58 (3411 turns).

psuckher the Ruffian (Troll Transmuter)             Turns: 3411, Time: 00:18:58

Health: -3/63      AC:  4    Str: 27    XL:     7   Next: 36%
Magic:  8/8        EV:  8    Int:  9    God:    Elyvilon [**....]
Gold:   142        SH:  6    Dex: 10    Spells: 7/8 levels left

rFire   . . .      SeeInvis .     - Unarmed
rCold   . . .      Faith    .   o - +0 kite shield
rNeg    . . .      Spirit   .   a - +0 robe
rPois   .          Reflect  .   (helmet restricted)
rElec   .          Harm     .   (no cloak)
rCorr   .          Rampage  .   (gloves unavailable)
Will    .....                   (boots unavailable)
Stlth   +.........              (no amulet)
HPRegen 1.00/turn               d - +6 ring of strength
MPRegen 0.11/turn               (no ring)

@: no status effects
A: large, unfitting armour, claws 3, regeneration 1, shaggy fur 1, tough skin 1
a: Renounce Religion, Purification, Heal Other


You were on level 5 of the Dungeon.
You worshipped Elyvilon.
Elyvilon was pleased with you.
You visited 2 branches of the dungeon, and saw 6 of its levels.

You collected 142 gold pieces.

Inventory:

Hand Weapons
 r - a +0 giant club
 v - a +0 giant club
Missiles
 x - 11 poisoned darts
Armour
 a - a +0 robe (worn)
 m - the +1 ring mail of Pomiggai {rElec rF++ Dex-4 SInv}
   (You found it on level 2 of the Dungeon)

   Dex:       It affects your dexterity (-4).
   rF:        It greatly protects you from fire.
   rElec:     It insulates you from electricity.
   SInv:      It lets you see invisible.
 o - a +0 kite shield (worn)
 p - a scarf of invisibility
 y - a +0 cloak
 B - a +2 leather armour of cold resistance
Jewellery
 d - a +6 ring of strength (left claw)
 j - a ring of fire
Scrolls
 g - a scroll of silence
 i - 4 scrolls of immolation
 l - a scroll of brand weapon
 n - 2 scrolls of noise
 q - a scroll of identify
 u - a scroll of fog {unknown}
 w - a scroll of fear {unknown}
 z - 2 scrolls of magic mapping {unknown}
 A - 2 scrolls of teleportation {unknown}
 C - a scroll of amnesia {unknown}
 D - a scroll of vulnerability {unknown}
Potions
 b - 6 potions of lignification
 e - a potion of berserk rage
 h - 2 potions of might
 k - a potion of brilliance
 s - a potion of invisibility {unknown}
 t - a potion of mutation {unknown}


   Skills:
 + Level 1.8 Fighting
 + Level 3.0 Dodging
 + Level 0.7 Stealth
 + Level 0.6 Shields
 + Level 7.2 Unarmed Combat
 + Level 1.4 Spellcasting
 + Level 1.5 Transmutations


You had 7 spell levels left.
You knew the following spells:

 Your Spells              Type           Power      Damage    Failure   Level
a - Beastly Appendage     Tmut           6%         N/A       43%         1

Your spell library contained the following spells:

 Spells                   Type           Power      Damage    Failure   Level
 Wereblood                Tmut           3%         N/A       58%         2
 Magic Dart               Conj           0%         1d3       67%         1
 Call Imp                 Summ           0%         N/A       80%         2
 Spider Form              Tmut/Pois      2%         N/A       90%         3
 Gell's Gravitas          Tloc           0%         N/A       95%         3
 Inner Flame              Hex/Fire       0%         N/A       95%         3
 Lesser Beckoning         Tloc           0%         N/A       95%         3
 Mephitic Cloud           Conj/Pois/Air  0%         N/A       95%         3
 Teleport Other           Tloc           0%         N/A       95%         3
 Tukima's Dance           Hex            0%         N/A       95%         3
 Anguish                  Hex/Necr       0%         N/A       100%        4
 Cause Fear               Hex            0%         N/A       100%        4
 Ice Form                 Ice/Tmut       2%         N/A       100%        4
 Enfeeble                 Hex            0%         N/A       100%        7
 Discord                  Hex            0%         N/A       100%        8


Dungeon Overview and Level Annotations

Branches:
Dungeon (5/15)             Temple (1/1) D:4

Altars:
Cheibriados
Dithmenos
Elyvilon
Fedhas
Hepliaklqana
Nemelex Xobeh
Okawaru
Qazlal
Trog
Uskayaw
Xom
Yredelemnul

Shops:
D:2 [


Innate Abilities, Weirdness & Mutations

You are too large for most types of armour.
You have claws for hands.
Your natural rate of healing is unusually fast.
You are covered in fur. (AC +1)
You have tough skin. (AC +1)


Message History

You claw the ogre!
You kill the ogre!
The quokka completely misses you. The quokka misses you.
Your Dodging skill increases to level 3!
The quokka bites you.
You see here a +0 giant club.
You scratch the quokka but do no damage.
The iguana bites you!
* * * LOW HITPOINT WARNING * * *
You block the quokka's attack.
You closely miss the quokka. You block the quokka's attack.
The iguana barely misses you.
You closely miss the quokka. The quokka bites you.
* * * LOW HITPOINT WARNING * * *
The iguana bites you.
* * * LOW HITPOINT WARNING * * *
The quokka closely misses you.
Okay, then.
You feel better.
The iguana bites you but does no damage.
The quokka barely misses you.
You feel better. The iguana bites you. The quokka barely misses you.
You claw the quokka!
You kill the quokka!
The iguana bites you!
* * * LOW HITPOINT WARNING * * *
The iguana bites you.
* * * LOW HITPOINT WARNING * * *
You closely miss the iguana. The iguana closely misses you.
You completely miss the iguana.
The iguana bites you but does no damage.
You barely miss the iguana. The iguana bites you!
* * * LOW HITPOINT WARNING * * *
You feel better. The iguana bites you!
* * * LOW HITPOINT WARNING * * *
Okay, then.
You scratch the iguana.
The iguana is moderately wounded.
The iguana bites you!
You die...

...#...#...#...#...†##.##.#
...................########
#################...#
#..#...# #####..##.##
#......#...## . #.....#
....###)†.### ......l@.##
.............#
...............
...............
≈..≈...≈≈≈≈≈≈≈≈
≈≈≈≈≈≈≈≈≈≈≈≈≈≈≈
≈≈≈≈≈≈≈≈≈≈≈≈≈≈≈
≈≈≈≈≈≈≈≈#####≈≈


You could see an iguana.

Vanquished Creatures
  3 ogres
  A jelly (D:3)
  3 orc priests
  2 iguanas
  Natasha (thrice) (D:4)
  2 orc wizards
  Robin (D:4)
  An adder (D:2)
  A worm (D:2)
  4 dart slugs
  9 orcs
  8 ball pythons
  5 endoplasms
  A giant cockroach (D:1)
  15 goblins
  14 hobgoblins
  7 jackals
  8 kobolds
  5 quokkas
  6 bats
  3 frilled lizards
  6 rats
108 creatures vanquished.

Vanquished Creatures (others)
  An orc wizard (D:3)
1 creature vanquished.

Grand Total: 109 creatures vanquished

Notes
Turn   | Place    | Note
-------+----------+-------------------------------------------
     0 | D:1      | psuckher the Troll Transmuter began the quest for the Orb.
     0 | D:1      | Reached XP level 1. HP: 18/18 MP: 1/1
     6 | D:1      | Upgraded the game from 0.29-a0-334-gb41bcbb86e to
                  | 0.29-a0-371-g91724d5b39
   173 | D:1      | Reached XP level 2. HP: 26/26 MP: 3/3
   530 | D:1      | Reached XP level 3. HP: 32/32 MP: 4/4
   729 | D:2      | Noticed a shining eye
   730 | D:2      | Found a faded altar of an unknown god.
   735 | D:2      | Noticed a shining eye
   737 | D:2      | Noticed a great orb of eyes
   737 | D:2      | Noticed a great orb of eyes
   743 | D:2      | Prayed at the altar of an unknown god.
   743 | D:2      | Became a worshipper of Elyvilon the Healer
   743 | D:2      | Reached * piety under Elyvilon
   851 | D:2      | Reached skill level 4 in Unarmed Combat
  1034 | D:2      | Identified the +1 ring mail of Pomiggai {rElec rF++ Dex-4
                  | SInv}
  1236 | D:2      | Reached XP level 4. HP: 40/40 MP: 5/5
  1244 | D:2      | Reached skill level 1 in Fighting
  1341 | D:2      | Found Mievu's Antique Armour Emporium.
  1601 | D:3      | Reached skill level 5 in Unarmed Combat
  1601 | D:3      | Reached XP level 5. HP: 47/48 MP: 6/6
  1772 | D:3      | Noticed an ogre
  1773 | D:3      | Found an iron altar of Okawaru.
  1773 | D:3      | Reached ** piety under Elyvilon
  1779 | D:3      | Killed an ogre
  1780 | D:3      | Reached XP level 6. HP: 55/55 MP: 7/7
  2221 | D:4      | Noticed Robin
  2237 | D:4      | Noticed Natasha
  2238 | D:4      | Killed Robin
  2240 | D:4      | Killed Natasha
  2241 | D:4      | Reached skill level 6 in Unarmed Combat
  2473 | D:4      | Noticed Natasha
  2482 | D:4      | Killed Natasha
  2516 | D:4      | Noticed Natasha
  2524 | D:4      | Killed Natasha
  2832 | D:4      | Found a staircase to the Ecumenical Temple.
  2921 | Temple   | Entered the Ecumenical Temple
  3172 | D:5      | Entered Level 5 of the Dungeon
  3172 | D:5      | Found a hazy altar of Hepliaklqana.
  3241 | D:5      | Reached XP level 7. HP: 60/63 MP: 8/8
  3258 | D:5      | Found a white marble altar of Elyvilon.
  3341 | D:5      | Reached skill level 7 in Unarmed Combat
  3410 | D:5      | HP: 3/63 [iguana (12)]
  3411 | D:5      | Slain by an iguana

Illustrated notes

Levels and vault maps discovered:
D:1:      psy_arrival_whirlpool, layout_basic
D:2:      minmay_evil_eye, layout_rooms, serial_shops, shop_fountains,
          hellmonk_ecumenical_altar_watching_god, serial_corexii_hall,
          corexii_hall_statues_l, corexii_hall_statues_i,
          minmay_misc_feat_cross, due_unseen_surprise
D:3:      layout_loops_ring, mainiacjoe_overflow_boulevard, serial_glass,
          glass_columns_a, glass_columns_b, glass_columns_c, glass_columns_a,
          glass_columns_a, glass_columns_a
D:4:      layout_basic, minmay_temple_entry_statues,
          nicolae_elevator_lobby_asterisk, uniq_robin, uniq_natasha
D:5:      minmay_goblin_kobold_castle, layout_cave_pools,
          nicolae_hepliaklqana_hazy_memory, lemuel_doored_altar,
          lemuel_coloured_pillars_altar, nicolae_overflow_hidden_temple,
          nicolae_ossuary_entry_plus
Temple:   jpeg_temple_island

Skill      XL: |  1  2  3  4  5  6  7 |
---------------+----------------------+-----
Unarmed Combat | 4 5 6 7 |  7.2
Dodging        | 2 3 |  3.0
Fighting       | 1 |  1.8
Stealth        | |  0.7
Shields        | |  0.6
Spellcasting   | |  1.4
Transmutations | |  1.5

Action                   |  1- 3 |  4- 6 |  7- 9 || total
-------------------------+-------+-------+-------++-------
Melee: Unarmed           |   109 |   112 |    22 ||   243
       Punch             |     1 |       |       ||     1
  Use: Scroll            |     7 |     2 |       ||     9
       Potion            |       |       |     6 ||     6
Armor: Robe              |    57 |    19 |     3 ||    79
Dodge: Dodged            |    76 |    45 |     9 ||   130
Block: Kite shield       |       |    23 |     4 ||    27

Table legend: (Time is in decaauts)
 A = Elapsed time spent in this place.
 B = Non-inter-level travel time spent in this place.
 C = Inter-level travel time spent in this place.
 D = Time resting spent in this place.
 E = Time spent auto-exploring this place.
 F = Levels seen in this place.
 G = Mean time per level.
                   A        B        C        D        E       F      G
               +--------+--------+--------+--------+--------+-----+--------+
         Total |   3456 |   2981 |    475 |      0 |    602 |   6 |  576.0 |
       Dungeon |   3186 |   2740 |    446 |      0 |    367 |   5 |  637.2 |
        Temple |    270 |    241 |     29 |      0 |    235 |   1 |  270.0 |
               +--------+--------+--------+--------+--------+-----+--------+

Top non-repeatable levels by time:
     D:2: 744 daAuts
     D:3: 741 daAuts
     D:4: 729 daAuts
     D:1: 725 daAuts
  Temple: 270 daAuts
     D:5: 244 daAuts
